 Dungeon Crawl Stone Soup version 0.22-a0-469-gf26638a (webtiles) character file.

1768 inmateoo the Poker (level 9, -2/79 HPs)
             Began as a Naga Fighter on June 12, 2018.
             Slain by a gnoll (4 damage)
             ... on level 5 of the Dungeon.
             The game lasted 00:07:32 (6915 turns).

inmateoo the Poker (Naga Fighter)                   Turns: 6915, Time: 00:07:32

Health: -2/79      AC:  8    Str: 22    XL:     9   Next: 7%
Magic:  9/9        EV:  8    Int: 13    God:
Gold:   238        SH: 10    Dex: 11    Spells: 8/8 levels left

rFire    . . .     SeeInvis +   a - +0 trident
rCold    + . .     Gourm    .   c - +0 shield
rNeg     . . .     Faith    .   q - +1 leather armour {MR+}
rPois    +         Spirit   .   s - +0 helmet
rElec    .         Reflect  .   j - +0 cloak
rCorr    .         Harm     .   (no gloves)
MR       +++..                  (no barding)
Stlth    ++........             (no amulet)
HPRegen  0.23/turn              (no ring)
MPRegen  0.11/turn              (no ring)

@: brilliant, short of breath, flying, very slow
A: large, see invisible, cold resistance 1, deformed body, magic resistance 1,
poison resistance, slowness 2, slow metabolism 1, spit poison 1, MP-powered
wands, AC +3
a: Spit Poison


You were on level 5 of the Dungeon.
You were not hungry.

You visited 1 branch of the dungeon, and saw 6 of its levels.

You collected 238 gold pieces.

Inventory:

Hand Weapons
 a - a +0 trident (weapon)
 i - a +2 dagger of speed
Armour
 c - a +0 shield (worn)
 j - a +0 cloak (worn)
 q - a +1 leather armour of magic resistance (worn)
 s - a +0 helmet (worn)
Wands
 h - a wand of flame (9)
 o - a wand of iceblast (4)
 t - a wand of paralysis (14)
Scrolls
 d - a scroll of magic mapping
 l - a scroll of amnesia
 n - a scroll of identify
 p - 2 scrolls of remove curse
Potions
 e - a potion of flight
Comestibles
 b - 3 chunks of flesh
 f - 9 rations


   Skills:
 + Level 4.5 Fighting
 * Level 7.8 Polearms
 + Level 4.7 Armour
 + Level 2.1 Dodging
 + Level 2.1 Stealth
 + Level 4.7 Shields
 + Level 0.4 Evocations


You had 8 spell levels left.
You didn't know any spells.
Your spell library was empty.

Dungeon Overview and Level Annotations

Branches:
Dungeon (6/15)
 Temple: D:4-7

Altars:
Ashenzari
Dithmenos
Kikubaaqudgha
Sif Muna
Trog
Uskayaw
Vehumet

Shops:
D:4 [   D:5 (


Innate Abilities, Weirdness & Mutations

You cannot wear boots.
Your serpentine skin is tough. (AC +3)
You have supernaturally acute eyesight. (SInv)
Armour fits poorly on your strangely shaped body.
Your system is resistant to poisons. (rPois)
You cover ground very slowly.
You have a slow metabolism.
You can spit poison.
Your flesh is cold resistant. (rC+)
You are resistant to hostile enchantments. (MR+)
You expend magic power (3 MP) to strengthen your wands.


Message History

The gnoll hits you from afar with a spear.
* * * LOW HITPOINT WARNING * * *
Unknown command.
It was a potion of brilliance.
You feel clever all of a sudden. The gnoll misses you.
The gnoll barely misses you.
It was a potion of mutation.
You feel extremely strange.
You feel resistant to cold.
You feel your magical essence link to your wands.
You feel resistant to hostile enchantments.
The gnoll hits you but does no damage.
The gnoll hits you from afar with a spear!
* * * LOW HITPOINT WARNING * * *
Why would you want to do that?
Unknown command.
Why would you want to do that?
Unknown command.
You feel very buoyant.
You fly up into the air.
The gnoll hits you.
You die...

.≈≈≈.# '## #8g.'....'........
.≈≈≈.# ...h.#8g.'g...'...)....
.≈≈≈.# ...ggg)..#....#..).....
.≈≈≈.# '#########g...#######''
.≈≈≈.# #g...#....#... .≈≈≈.#g.
#.g..#.##.#... .≈≈###'#
#....#........
P≈≈#g..#############''''#########
.≈≈#.g.#........@gggg............
.≈≈#####≈≈≈≈≈≈≈≈≈≈≈gg...≈≈≈≈≈≈)≈≈
.≈≈≈≈≈≈≈≈≈≈≈≈≈≈≈≈≈≈≈...(≈≈≈≈≈≈≈≈≈
.≈≈≈≈≈≈≈≈≈≈≈≈≈≈≈≈≈≈≈....≈)≈≈≈≈≈≈≈
............).............)......
############.#...####..#######.##
#..###.####.## #.# ##.##
##...)..# #.# ## ## #.## ##.##..#
#.#


You could see 6 gnolls.

Vanquished Creatures
  The ghost of wazuzu the Conjurer, a novice DgCj (D:5)
  Grinder (D:4)
  Eustachio (D:4)
  Duvessa (D:4)
  A sky beast (D:5)
  A centaur (D:5)
  Dowan (D:4)
  2 hounds
  An orc priest (D:4)
  2 gnoll shamans (D:5)
  A bullfrog skeleton (D:3)
  3 iguanas (D:5)
  Ijyb (D:3)
  An orc wizard (D:3)
  3 worker ants (D:4)
  A worker ant zombie (D:5)
  Robin (D:2)
  19 gnolls (D:5)
  9 adders
  A shadow imp (D:5)
  An ooze (D:3)
  3 worms
  A dart slug (D:1)
  7 leopard geckos
  9 orcs
  4 giant cockroaches (D:2)
  10 goblins
  10 hobgoblins
  23 jackals
  5 kobolds
  2 quokkas (D:2)
  A ball python zombie (D:5)
  8 bats
  9 frilled lizards
  A quokka skeleton (D:5)
  A quokka zombie (D:5)
  7 rats
154 creatures vanquished.

Vanquished Creatures (others)
  4 plants (D:5)
  4 toadstools (D:1)
8 creatures vanquished.

Grand Total: 162 creatures vanquished

Notes
Turn   | Place    | Note
-------+----------+-------------------------------------------
     0 | D:1      | inmateoo the Naga Fighter began the quest for the Orb.
     0 | D:1      | Reached XP level 1. HP: 21/21 MP: 1/1
   367 | D:1      | Reached XP level 2. HP: 28/28 MP: 2/2
   688 | D:2      | Reached XP level 3. HP: 30/34 MP: 3/3
  1099 | D:2      | Reached XP level 4. HP: 34/42 MP: 4/4
  1320 | D:2      | Reached skill level 3 in Polearms
  1629 | D:2      | Found a radiant altar of Vehumet.
  1767 | D:3      | Noticed Robin
  1799 | D:2      | Killed Robin
  1938 | D:3      | Reached XP level 5. HP: 28/49 MP: 5/5
  2270 | D:3      | Noticed Ijyb
  2295 | D:3      | Killed Ijyb
  2506 | D:3      | Found a hide-covered altar of Uskayaw.
  2511 | D:3      | Found an ancient bone altar of Kikubaaqudgha.
  2516 | D:3      | Found a shadowy altar of Dithmenos.
  2767 | D:3      | Found a deep blue altar of Sif Muna.
  3222 | D:3      | Reached XP level 6. HP: 44/56 MP: 6/6
  3334 | D:4      | Noticed Grinder
  3343 | D:4      | Killed Grinder
  3343 | D:4      | Reached skill level 4 in Polearms
  3343 | D:4      | Reached skill level 1 in Stealth
  3464 | D:4      | Reached XP level 7. HP: 35/62 MP: 7/7
  3744 | D:4      | Noticed Duvessa
  3744 | D:4      | Noticed Dowan
  3753 | D:4      | Killed Dowan
  3766 | D:4      | Killed Duvessa
  3766 | D:4      | Reached skill level 5 in Polearms
  3766 | D:4      | Reached skill level 1 in Dodging
  4089 | D:4      | Found Xeifon's Armour Emporium.
  4424 | D:4      | Noticed Eustachio
  4466 | D:4      | Killed Eustachio
  4466 | D:4      | Reached XP level 8. HP: 16/72 MP: 8/8
  4884 | D:4      | Found a bloodstained altar of Trog.
  4991 | D:5      | Entered Level 5 of the Dungeon
  5004 | D:5      | Reached skill level 6 in Polearms
  5221 | D:5      | Noticed wazuzu's ghost (novice DgCj)
  5637 | D:5      | Killed wazuzu's ghost
  5637 | D:5      | Reached skill level 7 in Polearms
  5719 | D:5      | Found Otadoc's Antique Weapon Boutique.
  6298 | D:5      | Found a bloodstained altar of Trog.
  6318 | D:5      | Found a shattered altar of Ashenzari.
  6702 | D:5      | Reached XP level 9. HP: 68/79 MP: 9/9
  6914 | D:5      | Gained mutation: Your flesh is cold resistant. (rC+) [potion of mutation]
  6914 | D:5      | Gained mutation: You expend magic power (3 MP) to strengthen your wands. [potion of mutation]
  6914 | D:5      | Gained mutation: You are resistant to hostile enchantments. (MR+) [potion of mutation]
  6914 | D:5      | HP: 2/79 [gnoll/spear (8)]
  6915 | D:5      | Slain by a gnoll

Vault maps used:
D:1:      ldierk_walled_garden_2, kennysheep_nondescript
D:2:      fiery_altar_vehumet, first_ration, hangedman_decor_clover_reticule,
          st_stairs_3, kennysheep_generic_room_16
D:3:      minmay_overflow_temple_star_quad, led_sif_pool, uniq_robin, uniq_ijyb
D:4:      serial_shops, nicolae_shop_trees, minmay_tree_intersection,
          lemuel_tele_altar, uniq_grinder, uniq_duvessa, uniq_eustachio
D:5:      lemuel_castle_with_subvaults, lightli_temple_of_fire,
          ashenzari_altar_1, serial_shops, shop, corexii_checkpoint_b,
          minmay_lizard_king
D:6:      temple_fountains

Skill      XL: |  1  2  3  4  5  6  7  8 |
---------------+-------------------------+-----
Armour         | 3 4 |  4.7
Shields        | 3 4 |  4.7
Polearms       | 3 4 5 7 |  7.8
Stealth        | 1 2 |  2.1
Dodging        | 1 2 |  2.1
Fighting       | 4 |  4.5
Evocations     | |  0.4

Action                   |  1- 3 |  4- 6 |  7- 9 || total
-------------------------+-------+-------+-------++-------
Melee: Trident           |   144 |   255 |   453 ||   852
 Abil: Spit Poison       |     2 |     4 |     9 ||    15
Evoke: Wand              |       |     4 |     3 ||     7
  Use: Scroll            |       |     6 |     2 ||     8
       Potion            |       |     1 |     5 ||     6
 Stab: Sleeping          |       |       |     1 ||     1
  Eat: Chunk             |       |     6 |    11 ||    17
Armor: Scale mail        |    79 |   152 |    55 ||   286
       Skin              |       |       |     9 ||     9
       Leather armour    |       |       |   111 ||   111
Dodge: Dodged            |    33 |    74 |   146 ||   253
Block: Shield            |    75 |   150 |   257 ||   482

Table legend:
 A = Spawn XP
 B = Non-spawn XP
 C = Spawn XP percentage of total XP
 D = Spawn monster count
 E = Non-spawn monster count
 F = Spawn count percentage of total count
 G = Total turns spent on level
                    A         B        C        D         E        F      G
               +---------+---------+-------+---------+---------+-------+---------
         Total |       0 |    2527 |   0.0 |       0 |     154 |   0.0 |  6915
               +---------+---------+-------+---------+---------+-------+---------
           D:1 |       0 |      14 |   0.0 |       0 |       9 |   0.0 |   449
           D:2 |       0 |     147 |   0.0 |       0 |      38 |   0.0 |  1471
           D:3 |       0 |     159 |   0.0 |       0 |      24 |   0.0 |  1407
           D:4 |       0 |     944 |   0.0 |       0 |      19 |   0.0 |  1664
           D:5 |       0 |    1263 |   0.0 |       0 |      64 |   0.0 |  1561
               +---------+---------+-------+---------+---------+-------+---------
